 Dungeon Crawl Stone Soup version 0.30-b1-2-g02819fbbbe (webtiles) character file.

Game seed: 6456336058759618931

228 Alarkh the Shooter (level 5, -2/38 HPs)
             Began as a Demonspawn Hexslinger on July 6, 2023.
             Slain by a bullfrog (3 damage)
             ... on level 3 of the Dungeon.
             The game lasted 00:02:41 (2636 turns).

Alarkh the Shooter (Demonspawn Hexslinger)          Turns: 2636, Time: 00:02:42

Health: -2/38      AC:  3    Str: 10      XL:     5   Next: 70%
Magic:  6/6        EV: 12    Int: 14 (15) God:
Gold:   87         SH:  0    Dex: 17      Spells: 2/6 levels left

rFire   . . .        a - +1 sling
rCold   . . .        (no shield)
rNeg    + . .        c - +0 robe
rPois   .            (no helmet)
rElec   .            (no cloak)
rCorr   .            (no gloves)
SInv    .            (no boots)
Will    .....        (no amulet)
Stlth   ++           g - ring of positive energy
HPRegen 0.26/turn    (no ring)
MPRegen 0.10/turn

%: no passive effects
@: unable to read
A: rugged brown scales 1, demonic magic 1, agile 1, inability to read after
injury 1
a: no special abilities


You were on level 3 of the Dungeon.
You visited 1 branch of the dungeon, and saw 3 of its levels.

You collected 87 gold pieces.

Inventory:

Hand Weapons
 a - a +1 sling (weapon)
Armour
 c - a +0 robe (worn)
Jewellery
 g - a ring of positive energy (left hand)
Scrolls
 b - a scroll of poison
 e - a scroll of identify {unknown}
 f - a scroll of noise {unknown}
 i - a scroll of blinking {unknown}
 k - 2 scrolls of teleportation {unknown}
 l - a scroll of enchant weapon {unknown}
 n - 2 scrolls of fog {unknown}
 o - a scroll of amnesia {unknown}
Potions
 d - a potion of haste {unknown}
 h - a potion of degeneration
 j - a potion of mutation
 m - a potion of magic {unknown}


   Skills:
 - Level 1.0 Fighting
 + Level 5.5 Ranged Weapons
 - Level 1.7 Dodging
 - Level 1.0 Spellcasting
 - Level 3.0 Hexes


You had 2 spell levels left.
You knew the following spells:

 Your Spells              Type           Power      Damage    Failure   Level
a - Portal Projectile     Hex/Tloc       8%         N/A       38%         3
b - Slow                  Hex            36%        N/A       8%          1

Your spell library contained the following spells:

 Spells                   Type           Power      Damage    Failure   Level
 Inner Flame              Hex/Fire       4%         N/A       38%         3
 Cause Fear               Hex            4%         N/A       58%         4


Dungeon Overview and Level Annotations

Branches:
Dungeon (3/15)

Altars:

Shops:
D:3 (


Innate Abilities, Weirdness & Mutations

You are partially covered in rugged brown scales. (AC +1, +3% HP)
Spells you cast may paralyse adjacent enemies.
You are agile. (Dex +4, Str/Int -1)
You occasionally lose the ability to read scrolls when taking damage.


Message History

The bullfrog hits you! x2
* * * LOW HITPOINT WARNING * * *
You are too injured to fight recklessly!
You are too injured to fight recklessly!
You are too injured to fight recklessly!
It was a potion of mutation.
You feel extremely strange.
You occasionally lose the ability to read scrolls when taking damage.
You feel agile. The bullfrog barely misses you.
You shoot a sling bullet.
The sling bullet completely misses the bullfrog.
The bullfrog hits you.
* * * LOW HITPOINT WARNING * * *
The bullfrog completely misses you.
You shoot a sling bullet. The sling bullet hits the bullfrog.
The bullfrog is severely wounded.
The bullfrog barely misses you. The bullfrog hits you.
* * * LOW HITPOINT WARNING * * *
You shoot a sling bullet. The sling bullet hits the bullfrog.
The bullfrog is almost dead.
The bullfrog barely misses you.
You shoot a sling bullet.
The sling bullet barely misses the bullfrog.
The bullfrog hits you.
You feel threatened and lose the ability to read scrolls!
* * * LOW HITPOINT WARNING * * *
The bullfrog hits you but does no damage.
You shoot a sling bullet. The sling bullet hits the bullfrog.
The bullfrog is almost dead.
The bullfrog hits you.
* * * LOW HITPOINT WARNING * * *
The bullfrog misses you.
You shoot a sling bullet.
The sling bullet barely misses the bullfrog.
The bullfrog hits you but does no damage.
You shoot a sling bullet.
The sling bullet hits the bullfrog but does no damage.
The bullfrog is almost dead.
The bullfrog hits you.
You die...

#.##.###### #..#
#.##......# #..#
#.#######.# # ##.#
#.# #. ...# #.# #.
##########.#
#.####
...........#.#....
############..$F.#
.......# #@#
######.# #.#
.#####.# #.#
.......# #.#
.####### #.# .#
#.# .# #.# .# #.#
.# #.#


You could see a bullfrog.

Vanquished Creatures
  An ice beast (D:3)
  An orc priest (D:3)
  4 adders
  A dart slug (D:1)
  7 orcs (D:3)
  2 bats
  3 endoplasms
  4 giant cockroaches
  4 goblins
  8 hobgoblins
  2 jackals (D:1)
  7 kobolds
  4 quokkas
  2 ball pythons (D:1)
  3 frilled lizards
  8 rats
61 creatures vanquished.

Notes
Turn   | Place    | Note
-------+----------+-------------------------------------------
     0 | D:1      | Alarkh the Demonspawn Hexslinger began the quest for the
                  | Orb.
     0 | D:1      | Reached XP level 1. HP: 15/15 MP: 2/2
    52 | D:1      | Reached skill level 2 in Ranged Weapons
   210 | D:1      | Gained mutation: Spells you cast may paralyse adjacent
                  | enemies. [demonic ancestry]
   210 | D:1      | Reached XP level 2. HP: 21/21 MP: 3/3
   505 | D:1      | Reached skill level 3 in Ranged Weapons
   736 | D:1      | Reached XP level 3. HP: 26/26 MP: 4/4
  1305 | D:2      | Learned a level 3 spell: Portal Projectile
  1408 | D:2      | Reached skill level 4 in Ranged Weapons
  1408 | D:2      | Reached XP level 4. HP: 32/32 MP: 5/5
  1669 | D:3      | Noticed an ice beast
  1683 | D:3      | Killed an ice beast
  1684 | D:3      | Reached skill level 5 in Ranged Weapons
  1684 | D:3      | Gained mutation: You are partially covered in rugged brown
                  | scales. (AC +1, +3% HP) [demonic ancestry]
  1684 | D:3      | Reached XP level 5. HP: 3/38 MP: 6/6
  2300 | D:3      | Found Moihiov's Antique Weapon Emporium.
  2629 | D:3      | Gained mutation: You occasionally lose the ability to read
                  | scrolls when taking damage. [potion of mutation]
  2629 | D:3      | Gained mutation: You are agile. (Dex +4, Str/Int -1)
                  | [potion of mutation]
  2633 | D:3      | HP: 1/38 [bullfrog (6)]
  2636 | D:3      | Slain by a bullfrog

Illustrated notes

Levels and vault maps discovered:
D:1:      onia_arrival_mini_spirals, layout_loops_cross, serial_forest,
          infiniplex_forest_corner_1, infiniplex_forest_pool,
          infiniplex_forest_lined_room_2, infiniplex_forest_pool,
          infiniplex_forest_corner_2, infiniplex_forest_clump_long,
          infiniplex_forest_fountain
D:2:      layout_rooms, minmay_misc_feat_alley, nicolae_half_adder
D:3:      layout_basic, serial_shops, shop

Skill      XL: |  1  2  3  4 |
---------------+-------------+-----
Ranged Weapons | 2 3 4 5 |  5.5
Fighting       | |  1.0
Dodging        | |  1.7
Spellcasting   | |  1.0
Hexes          | |  3.0

Action                     |  1- 3 |  4- 6 || total
---------------------------+-------+-------++-------
   Fire: Sling             |   142 |   115 ||   257
   Cast: Slow              |     1 |       ||     1
    Use: Potion            |     1 |     3 ||     4
 Armour: Robe              |    18 |     9 ||    27
         Skin              |       |     7 ||     7
  Dodge: Dodged            |    60 |    39 ||    99
